 Dungeon Crawl Stone Soup version 0.30.0-30-g96aa6591b8 (webtiles) character file.

Game seed: 8062713276999933010

1938 Pepete the Thaumaturge (level 8, -5/44 HPs)
             Began as a Deep Elf Conjurer on June 29, 2023.
             Slain by Duvessa
             ... wielding a +0 short sword
              (14 damage)
             ... on level 7 of the Dungeon.
             The game lasted 00:38:51 (18366 turns).

Pepete the Thaumaturge (Deep Elf Conjurer)         Turns: 18366, Time: 00:38:53

Health: -5/44      AC:  4    Str:  2    XL:     8   Next: 97%
Magic:  18/24      EV: 13    Int: 26    God:
Gold:   319        SH:  0    Dex: 19    Spells: 15/27 levels left

rFire   . . .        i - staff of air
rCold   . . .        (no shield)
rNeg    . . .        m - +0 robe
rPois   .            n - +0 helmet
rElec   +            q - +0 cloak
rCorr   .            (no gloves)
SInv    .            (no boots)
Will    +....        (no amulet)
Stlth   ++           d - ring of willpower
HPRegen 0.27/turn    c - +6 ring of dexterity
MPRegen 0.19/turn

%: no passive effects
@: no status effects
A: weak 1
a: no special abilities


You were on level 7 of the Dungeon.
You visited 1 branch of the dungeon, and saw 7 of its levels.

You collected 326 gold pieces.
You spent 7 gold pieces at shops.

Inventory:

Hand Weapons
 f - a +0 short sword
 l - the +10 quarterstaff of the Magi {drain, *Rage rC+ Stlth+}
   (You took it off a kobold on level 4 of the Dungeon)

   rC:        It protects you from cold.
   *Rage:     It berserks you when you make melee attacks (+20% chance).
   Stlth:     It makes you more stealthy.
 s - a +1 rapier of flaming
Armour
 a - a +0 robe
 g - a +0 chain mail
 m - a +0 robe (worn)
 n - a +0 helmet (worn)
 q - a +0 cloak (worn)
Magical Staves
 i - a staff of air (weapon)
Jewellery
 c - a +6 ring of dexterity (right hand)
 d - a ring of willpower (left hand)
Wands
 r - a wand of mindburst (10)
Scrolls
 h - a scroll of amnesia
 j - a scroll of enchant weapon
 o - 3 scrolls of identify
Potions
 b - a potion of mutation


   Skills:
 - Level 1.7 Fighting
 - Level 0.1 Short Blades
 - Level 2.2 Staves
 * Level 2.8 Armour
 - Level 2.4 Dodging
 - Level 2.4 Stealth
 * Level 10.2 Spellcasting
 + Level 7.5 Conjurations
 + Level 1.0 Hexes
 + Level 0.4 Translocations
 + Level 0.1 Fire Magic
 * Level 3.3 Air Magic
 * Level 2.1 Evocations


You had 15 spell levels left.
You knew the following spells:

 Your Spells              Type           Power      Damage    Failure   Level
a - Magic Dart            Conj           100%       1d8       1%          1
b - Iskenderun's Mystic   Conj/Tloc      34%        2d8       9%          4
c - Fulminant Prism       Conj/Hex       17%        3d11      8%          4
d - Volatile Blastmotes   Fire/Tloc      28%        2d12      12%         3

Your spell library contained the following spells:

 Spells                   Type           Power      Damage    Failure   Level
 Kiss of Death            Conj/Necr      100%       2d13      1%          1
 Searing Ray              Conj           100%       2d8       1%          2
 Dazzling Flash           Conj/Hex       70%        N/A       2%          3
 Starburst                Conj/Fire      16%        6d6       80%         6


Dungeon Overview and Level Annotations

Branches:
Dungeon (7/15)
 Temple: D:4-7

Altars:
Fedhas
Okawaru
Uskayaw

Shops:
D:3 [   D:4 *((

Annotations:
D:7 1 transporter, Duvessa; Mig's ghost, novice TrMo


Innate Abilities, Weirdness & Mutations

You are weak. (Str -2)


Message History

Press: ? - help, Shift-Dir - straight line, f - Dowan
Aim: Dowan, wielding a +2 dagger of draining and wearing a +0 robe (chance to affect: 73%) Dowan's mind is blasted!!
You blow up Dowan!
Duvessa weeps, and shakes her weapon.
Duvessa goes berserk!
Casting: Fulminant Prism (quite dangerous; 8% risk of failure)
Confirm with . or Enter, or press ? or * to list all spells.
Aiming: Magic Dart (safe; 1% risk of failure)
Press: ? - help, Shift-Dir - straight line, f - Duvessa
Aim: Duvessa, wielding a +0 short sword and wearing a +0 scale mail (berserk, 100% to hit)
The magic dart hits Duvessa!
Duvessa is lightly wounded.
Duvessa hits you with a +0 short sword!
Unknown command.
Casting: Magic Dart (safe; 1% risk of failure)
Confirm with . or Enter, or press ? or * to list all spells.
Aiming: Magic Dart (safe; 1% risk of failure)
Press: ? - help, Shift-Dir - straight line, f/p - Duvessa
Aim: Duvessa, wielding a +0 short sword and wearing a +0 scale mail (lightly wounded, berserk, 100% to hit)
The magic dart hits Duvessa but does no damage.
Duvessa is lightly wounded.
Duvessa hits you with a +0 short sword!
* * * LOW HITPOINT WARNING * * *
Casting: Magic Dart (safe; 1% risk of failure)
Confirm with . or Enter, or press ? or * to list all spells.
A cloud of volatile blastmotes flares up around you!
Duvessa hits you with a +0 short sword.
* * * LOW HITPOINT WARNING * * *
Duvessa hits you but does no damage.
Unknown command.
Casting: Volatile Blastmotes (dangerous; 12% risk of failure)
Confirm with . or Enter, or press ? or * to list all spells.
Aiming: Magic Dart (safe; 1% risk of failure)
Press: ? - help, Shift-Dir - straight line, f/p - Duvessa
Aim: Duvessa, wielding a +0 short sword and wearing a +0 scale mail (lightly wounded, berserk, 100% to hit)
The magic dart hits Duvessa but does no damage.
Duvessa is lightly wounded.
Duvessa hits you with a +0 short sword!
You die...

.# ### ..
##.####.#
#####.......###
###.#.##..)......
#........[#......
#....@e..###.....
##....[...........
#.......)........#
##..#[............
#..#.>........©..
##...[....######
###.....##8Cz).
#.....#Woz...
#.....#.#....


You could see a cyclops, Duvessa (berserk), a wight, an orc priest and Mig's
ghost.

Vanquished Creatures
  2 water moccasins
  2 black bears (D:6)
  A sky beast (D:6)
  An ice beast (D:5)
  An orc warrior (D:6)
  A phantom (D:6)
  4 bullfrogs (D:6)
  2 scorpions
  Dowan (D:7)
  A killer bee (D:6)
  3 hounds
  A jelly (D:6)
  An orc priest (D:4)
  Crazy Yiuf (D:4)
  5 iguanas
  2 sleepcaps
  Natasha (thrice) (D:2)
  2 orc wizards
  Robin (D:2)
  3 gnolls (D:3)
  4 adders
  2 shadow imps (D:6)
  A white imp (D:6)
  An ufetubus (D:4)
  3 worms
  3 dart slugs
  16 orcs
  7 bats
  8 endoplasms
  3 giant cockroaches
  10 goblins
  13 hobgoblins
  4 quokkas
  2 ball pythons
  8 frilled lizards
  12 kobolds
  5 rats
  2 fulminant prisms
142 creatures vanquished.

Vanquished Creatures (others)
  17 fulminant prisms
17 creatures vanquished.

Grand Total: 159 creatures vanquished

Notes
Turn   | Place    | Note
-------+----------+-------------------------------------------
     0 | D:1      | Pepete the Deep Elf Conjurer began the quest for the Orb.
     0 | D:1      | Reached XP level 1. HP: 10/10 MP: 6/6
   977 | D:1      | Reached XP level 2. HP: 15/15 MP: 6/8
  1868 | D:1      | Reached skill level 5 in Conjurations
  2701 | D:2      | Reached XP level 3. HP: 19/19 MP: 4/9
  3925 | D:2      | Noticed Robin
  3935 | D:2      | Killed Robin
  4320 | D:2      | Reached XP level 4. HP: 24/24 MP: 5/11
  4598 | D:2      | Noticed Natasha
  4605 | D:2      | Killed Natasha
  4905 | D:2      | Learned a level 4 spell: Iskenderun's Mystic Blast
  5164 | D:2      | Reached skill level 4 in Spellcasting
  5576 | D:2      | Noticed Natasha
  5581 | D:2      | Killed Natasha
  5582 | D:2      | Reached skill level 1 in Staves
  5795 | D:2      | Found a blossoming altar of Fedhas.
  5796 | D:2      | Noticed Natasha
  5800 | D:2      | Killed Natasha
  5801 | D:2      | Reached skill level 1 in Fighting
  5801 | D:2      | Reached skill level 1 in Armour
  5801 | D:2      | Reached XP level 5. HP: 29/29 MP: 8/13
  6727 | D:3      | Found Baegror's Armour Shop.
  6817 | D:3      | Found a faded altar of an unknown god.
  6825 | D:3      | Got Plato's Precepts of Darkness
  6968 | D:3      | Reached skill level 1 in Air Magic
  7829 | D:4      | Noticed a water moccasin
  8157 | D:4      | Reached skill level 5 in Spellcasting
  8402 | D:4      | Reached XP level 6. HP: 34/34 MP: 5/15
  8895 | D:4      | Identified the +10 quarterstaff of the Magi {drain, *Rage
                  | rC+ Stlth+}
  9318 | D:4      | Found Lefiuxut's General Store.
  9320 | D:4      | Found Kaoplusmu's Weapon Emporium.
  9439 | D:4      | Found Oteziw's Antique Weapon Boutique.
  9454 | D:4      | Bought a +0 robe for 7 gold pieces
  9844 | D:4      | Found a runed translucent door.
  9845 | D:4      | Noticed Crazy Yiuf
  9852 | D:4      | Killed Crazy Yiuf
 10215 | D:4      | Killed a water moccasin
 10216 | D:4      | Reached skill level 6 in Spellcasting
 10729 | D:5      | Entered Level 5 of the Dungeon
 10907 | D:5      | Reached XP level 7. HP: 29/38 MP: 11/18
 10995 | D:5      | Found an iron altar of Okawaru.
 11851 | D:5      | Reached skill level 7 in Spellcasting
 12651 | D:6      | Reached skill level 1 in Evocations
 12797 | D:6      | Reached XP level 8. HP: 35/44 MP: 18/21
 12925 | D:6      | Found a hide-covered altar of Uskayaw.
 12945 | D:6      | Learned a level 4 spell: Fulminant Prism
 12964 | D:6      | Reached skill level 8 in Spellcasting
 13534 | D:6      | Learned a level 3 spell: Volatile Blastmotes
 14116 | D:6      | Reached skill level 9 in Spellcasting
 15084 | D:6      | Gained mutation: You occasionally lose the ability to read
                  | scrolls when taking damage. [potion of mutation]
 15085 | D:6      | Lost mutation: You occasionally lose the ability to read
                  | scrolls when taking damage. [potion of mutation]
 15085 | D:6      | Gained mutation: You are weak. (Str -2) [potion of
                  | mutation]
 15196 | D:7      | Noticed a cyclops
 15196 | D:7      | Found a transporter.
 15207 | D:7      | Noticed a hornet
 15242 | D:7      | Noticed Mig's ghost (novice TrMo)
 15271 | D:7      | Noticed Duvessa
 15273 | D:7      | Noticed Dowan
 15872 | D:7      | Noticed a hornet
 16345 | D:6      | Reached skill level 10 in Spellcasting
 16345 | D:6      | Reached skill level 1 in Hexes
 18362 | D:7      | Killed Dowan
 18366 | D:7      | Slain by Duvessa

Illustrated notes

Levels and vault maps discovered:
D:1:      minmay_arrival_split_and_join, layout_basic
D:2:      layout_basic, basic_altar, supply_closet_lemuel,
          chequers_serial_rivers_micro_a, kennysheep_donut, uniq_natasha,
          uniq_robin
D:3:      layout_basic, serial_shops, shop, shapermc_ecumenical_altar_rom_forum,
          minmay_circle_x
D:4:      layout_loops_ring, nicolae_wooded_promenade, fountainhead,
          minmay_lizard_king, uniq_crazy_yiuf_cottage
D:5:      layout_basic, okawaru_metal_pillars_3, grunt_temple_overflow_open,
          minmay_temple_entry_butterflies, serial_co_window_serial,
          co_window_corner_a, co_window_paths_a, co_window_corner_a,
          co_window_paths_b, co_window_of_opportunity_a, co_window_2corner,
          co_window_corner_ca, co_window_cross_4, co_window_cross_2,
          co_window_broadway_b, co_window_cross_3, glass_columns_b,
          glass_columns_a, glass_columns_a, glass_columns_a
D:6:      layout_basic, mainiacjoe_overflow_six_doors_small,
          corexii_leaking_fountain, due_unseen_surprise
D:7:      layout_cave_pools, old_standard_altar, elyvilon_altar_1,
          gammafunk_ghost_arena, chequers_serial_rivers_micro_c, uniq_maggie,
          uniq_duvessa, uniq_pikel

Skill      XL: |  1  2  3  4  5  6  7  8 |
---------------+-------------------------+-----
Conjurations   | 5 6 7 |  7.5
Spellcasting   | 4 5 6 7 10 | 10.2
Staves         | 1 2 |  2.2
Fighting       | 1 |  1.7
Armour         | 1 2 |  2.8
Air Magic      | 1 2 3 |  3.3
Evocations     | 1 2 |  2.1
Hexes          | 1 |  1.0
Short Blades   | |  0.1
Dodging        | |  2.4
Stealth        | |  2.4
Translocations | |  0.4
Fire Magic     | |  0.1

Action                     |  1- 3 |  4- 6 |  7- 9 || total
---------------------------+-------+-------+-------++-------
  Melee: Staff             |       |       |     7 ||     7
   Cast: Magic Dart        |    76 |   166 |   142 ||   384
         Fulminant Prism   |       |       |    20 ||    20
         Volatile Blastmot |       |       |     5 ||     5
  Evoke: Wand              |       |       |     5 ||     5
    Use: Potion            |     1 |     4 |    10 ||    15
         Scroll            |       |    14 |     7 ||    21
 Armour: Robe              |     3 |    11 |    26 ||    40
  Dodge: Dodged            |    11 |    21 |    92 ||   124
